 Dungeon Crawl Stone Soup version 0.20.1-1-g8b1a95d (webtiles) character file.

264 irongrip the Chopper (level 5, 0/42 HPs)
             Began as a Demonspawn Berserker on Oct 26, 2017.
             Was a Believer of Trog.
             Slain by a centaur (3 damage)
             ... on level 4 of the Dungeon.
             The game lasted 00:12:24 (2230 turns).

irongrip the Chopper (Demonspawn Berserker)         Turns: 2230, Time: 00:12:24

Health: 0/42       AC: 16    Str: 19    XL:     5   Next: 98%
Magic:  5/5        EV: 12    Int:  8    God:    Trog [**....]
Gold:   32         SH:  0    Dex: 12    Spells: 4/4 levels left

rFire    . . .     SeeInvis .   a - +0 hand axe
rCold    . . .     Gourm    .   (no shield)
rNeg     . . .     Faith    .   k - +0 ring mail
rPois    .         Spirit   .   z - +2 helmet
rElec    .         Reflect  .   (no cloak)
rCorr    .         Harm     .   s - +0 pair of gloves
MR       .....                  l - +0 pair of boots
Stlth    +.........             (no amulet)
Regen    0.2/turn               (no ring)
MPRegen  0.1/turn               (no ring)

@: sanguine armour, berserk cooldown, slowed, very slow
A: hooves 1, spiny 1, sanguine armour 1
a: Berserk, Trog's Hand, Burn Spellbooks, Renounce Religion


You were on level 4 of the Dungeon.
You worshipped Trog.
Trog was pleased with you.
You were hungry.

You visited 1 branch of the dungeon, and saw 4 of its levels.

You collected 32 gold pieces.

Inventory:

Hand Weapons
 a - a +0 hand axe (weapon)
 c - a cursed -3 hand axe
 e - a +0 mace
 t - a cursed -3 flail
 w - a +0 hand axe
Armour
 b - a +0 animal skin
 d - a +0 helmet
 k - a +0 ring mail (worn)
 l - a +0 pair of boots (worn)
 n - a cursed +0 ring mail
 s - a +0 pair of gloves (worn)
 z - a +2 helmet (worn)
Jewellery
 g - a cursed -3 ring of evasion
Wands
 v - a wand of polymorph (15/24)
Scrolls
 r - 3 scrolls of remove curse
 u - a scroll of enchant armour {unknown}
 x - a scroll of enchant weapon {unknown}
 y - a scroll of random uselessness {unknown}
Potions
 h - a potion of brilliance {unknown}
 i - a potion of mutation {unknown}
 j - 2 potions of magic
 m - a potion of haste {unknown}
 o - a potion of might {unknown}
 p - a potion of lignification {unknown}
 q - a potion of berserk rage {unknown}
 A - a potion of invisibility {unknown}
Comestibles
 f - a royal jelly
 B - 3 chunks of flesh


   Skills:
 + Level 4.0 Fighting
 + Level 4.3 Axes
 + Level 2.5 Armour
 + Level 3.1 Dodging
 + Level 1.1 Stealth


You had 4 spell levels left.
You didn't know any spells.

Dungeon Overview and Level Annotations

Branches:
Dungeon (4/15)
 Temple: D:4-7

Altars:

Shops:
D:4 ([

Annotations:
D:2 Sigmund


Innate Abilities, Weirdness & Mutations

You have large cloven feet.
You are partially covered in sharp spines.
When seriously injured, your bleeding wounds create armour. (AC +6)


Message History

You see here 2 arrows.
The centaur shoots an arrow.
The arrow hits you but does no damage.
You see here an arrow.
The centaur shoots an arrow.
The arrow closely misses you.
You see here an arrow.
The centaur shoots an arrow.
The arrow hits you.
* * * LOW HITPOINT WARNING * * *
You see here an arrow.
Aiming: Polymorph (will waste charges)
Press: ? - help, Shift-Dir - straight line, f - centaur
Aim: a centaur, wielding a shortbow (chance to defeat MR: 46%)
The centaur resists with some effort.
Evoking this partially-identified wand wasted a few charges.
The centaur shoots an arrow.
The arrow hits you.
* * * LOW HITPOINT WARNING * * *
You hit the centaur.
The centaur is lightly wounded.
The centaur unwields an uncursed shortbow.
The centaur hits you.
You die...

..... ##.. ..... .
...# .....#. #..#
.. .... #..# .. ..#
#..# .# #.#
#####..#
.#.##.######(.....#
.#....c......# #@#
.####.##.##<)###c#
...##รท##.....c((.#
......#####..#####
#...#....<...#
#...########.#
#...# ... ###.# .(.
###.### #.?.


You could see a centaur.

Vanquished Creatures
  An ogre (D:4)
  A scorpion (D:4)
  A hound (D:4)
  An orc wizard (D:3)
  Terence (D:3)
  A worm (D:2)
  A dart slug (D:2)
  A leopard gecko (D:3)
  2 orcs (D:3)
  8 bats
  2 giant cockroaches
  A goblin (D:1)
  3 hobgoblins
  A quokka (D:3)
  A frilled lizard (D:1)
  7 kobolds
  4 rats
37 creatures vanquished.

Notes
Turn   | Place    | Note
-------+----------+-------------------------------------------
     0 | D:1      | irongrip the Demonspawn Berserker began the quest for the Orb.
     0 | D:1      | Reached XP level 1. HP: 18/18 MP: 1/1
   448 | D:1      | Gained mutation: When seriously injured, your bleeding wounds create armour. (AC +6) [demonic ancestry]
   448 | D:1      | Reached XP level 2. HP: 12/24 MP: 2/2
  1079 | D:2      | Noticed Sigmund
  1109 | D:3      | Noticed Terence
  1120 | D:3      | Killed Terence
  1120 | D:3      | Reached XP level 3. HP: 20/30 MP: 3/3
  1579 | D:3      | Reached ** piety under Trog
  1590 | D:3      | Gained mutation: You have large cloven feet. [demonic ancestry]
  1590 | D:3      | Reached XP level 4. HP: 37/37 MP: 4/4
  2048 | D:4      | Found Jeujakop's Antique Armour Boutique.
  2094 | D:4      | Found Luovviu's Antique Weapon Shop.
  2154 | D:4      | Gained mutation: You are partially covered in sharp spines. [demonic ancestry]
  2154 | D:4      | Reached XP level 5. HP: 42/42 MP: 5/5
  2211 | D:4      | Noticed an ogre
  2217 | D:4      | Killed an ogre
  2217 | D:4      | Reached skill level 1 in Stealth
  2219 | D:4      | Noticed a centaur
  2230 | D:4      | Slain by a centaur

Skill      XL: |  1  2  3  4  5 |
---------------+----------------+-----
Dodging        | 2 3 |  3.1
Axes           | 3 4 |  4.3
Armour         | 2 |  2.5
Fighting       | 4 |  4.0
Stealth        | 1 |  1.1

Action                   |  1- 3 |  4- 6 || total
-------------------------+-------+-------++-------
Melee: Hand axe          |   101 |    37 ||   138
Invok: Berserk           |     2 |     1 ||     3
Evoke: Wand              |       |     1 ||     1
  Use: Scroll            |     3 |     1 ||     4
       Potion            |     1 |       ||     1
 Stab: Sleeping          |     1 |       ||     1
  Eat: Bread ration      |     1 |       ||     1
       Royal jelly       |       |     1 ||     1
Armor: Animal skin       |    45 |       ||    45
       Ring mail         |    17 |    29 ||    46
Dodge: Dodged            |    99 |    31 ||   130
